cohdb
Replays
Latest Replays
All Replays
Popular Replays
Top Player Replays
Match Explorer
How It Works
Community
CoH3 Stats
Reddit
Sign in to upload your games and track your stats! →
Sign in with Steam
Match 41851522
Unlisted
Match 41851522
Overview
Messages
Build Orders
End
Construct Barracks
Riflemen Squad
Riflemen Squad
Riflemen Squad
Infantry Support Center
Construct Weapon Support Center
M1919 Machine Gun Team
M1918 Browning Automatic Rifles
M1919 Machine Gun Team
Construct Medical Station
Selects Heavy Weapons
Selects M2HB .50cal Heavy Machine Gun
Selects Assault Carriers
Selects Exchangeable Parts
Grenade Package
M3 Assault Carrier
Grumpy
chrislim
Hello
GregLim
Nuclear Viking
月夜笑猫
欧阳黑奔
aukim4897
0
0
Comments
sign in to comment!
No comments posted yet!